PBL
CALGARY FLAMES @ AMERICUS BRAVES
07/08/2044
 
TOP OF THE 1ST
Calgary Flames batting - Pitching for Americus Braves : RHP Rick Grenfell
Pitching: RHP Rick Grenfell
Batting: RHB Dave McBain 0-0: Ball
1-0: Ball
2-0: Foul Ball, location: 2F
2-1: SINGLE (Groundball, 6S, EV 77.5 MPH) (infield hit)
Batting: LHB Ramon Vega 0-0: Called Strike
Dave McBain steals 2nd base (no throw)
0-1: Ball
1-1: Swinging Strike
1-2: Ball
2-2: SINGLE (Groundball, 4, EV 96.3 MPH)
Dave McBain to third
Batting: RHB Eric McMillian 0-0: Ground out 5-3 (Groundball, 56S, EV 71.3 MPH)
Dave McBain scores
Ramon Vega to second
Batting: RHB Wally Cangro 0-0: Ground out 6-3 (Groundball, 6, EV 110.0 MPH)
Batting: RHB Kalidas Mishra 0-0: SINGLE (Line Drive, 34D, EV 93.8 MPH)
Ramon Vega to third
Runner from 3rd tries for Home, SAFE, throw by RF to home
Batting: RHB Ricardo Ortiz 0-0: SINGLE (Groundball, 4MD, EV 95.0 MPH)
Kalidas Mishra to second
Batting: RHB Brian DeVoe 0-0: Called Strike
0-1: Ball
1-1: Ball
2-1: Ball
3-1: Base on Balls
Kalidas Mishra to third
Ricardo Ortiz to second
Batting: RHB Ed Oake 0-0: Ball
1-0: Called Strike
1-1: Foul Ball, location: 2F
1-2: Strikes out swinging
Top of the 1st over - 2 runs, 4 hits, 0 errors, 3 left on base; Calgary 2 - Americus 0
BOTTOM OF THE 1ST
Americus Braves batting - Pitching for Calgary Flames : RHP Alberto Cuevas
Pitching: RHP Alberto Cuevas
Batting: RHB Joe Young 0-0: Called Strike
0-1: Ball
1-1: Ball
2-1: Foul Ball, location: 2F
2-2: Strikes out swinging
Batting: RHB Yojiro Hayashi 0-0: Foul Ball, location: 2F
0-1: Ball
1-1: Swinging Strike
1-2: Foul Ball, location: 2F
1-2: Strikes out swinging
Batting: LHB Ryan Murdock 0-0: Foul Ball, location: 2F
0-1: Ball
1-1: Foul Ball, location: 2F
1-2: Ball
2-2: Ball
3-2: Hit by Pitch
Batting: RHB Josh McCormick 0-0: Ball
Wild Pitch!
Ryan Murdock to second
1-0: Ground out 6-3 (Groundball, 6, EV 103.1 MPH)
Bottom of the 1st over - 0 runs, 0 hits, 0 errors, 1 left on base; Calgary 2 - Americus 0
TOP OF THE 2ND
Calgary Flames batting - Pitching for Americus Braves : RHP Rick Grenfell
Batting: RHB Jon Groseclose 0-0: Ball
1-0: Foul Ball, location: 2F
1-1: Foul Ball, location: 2F
1-2: Ball
2-2: Strikes out swinging
Batting: RHB Dave McBain 0-0: Called Strike
0-1: Ball
1-1: Fly out, F8 (Flyball, 89M, EV 88.1 MPH)
Batting: LHB Ramon Vega 0-0: Called Strike
0-1: Called Strike
0-2: Strikes out swinging
Top of the 2nd over - 0 runs, 0 hits, 0 errors, 0 left on base; Calgary 2 - Americus 0
BOTTOM OF THE 2ND
Americus Braves batting - Pitching for Calgary Flames : RHP Alberto Cuevas
Batting: RHB Terry Hughes 0-0: Swinging Strike
0-1: Foul Ball, location: 2F
0-2: Ball
1-2: Strikes out swinging
Batting: RHB George Provance 0-0: Bunt for hit to P - play at first, batter OUT! 1-3
Batting: LHB Mark Dearth 0-0: Called Strike
0-1: Ball
1-1: Swinging Strike
1-2: Ball
2-2: Foul Ball, location: 2F
2-2: Foul Ball, location: 2F
2-2: Strikes out swinging
Bottom of the 2nd over - 0 runs, 0 hits, 0 errors, 0 left on base; Calgary 2 - Americus 0
TOP OF THE 3RD
Calgary Flames batting - Pitching for Americus Braves : RHP Rick Grenfell
Batting: RHB Eric McMillian 0-0: Ball
1-0: Foul Ball, location: 2F
1-1: Called Strike
1-2: Foul Ball, location: 2F
1-2: Ball
2-2: Foul Ball, location: 2F
2-2: Foul Ball, location: 2F
2-2: Ball
3-2: Foul Ball, location: 2F
3-2: Foul Ball, location: 2F
3-2: Base on Balls
Batting: RHB Wally Cangro 0-0: Called Strike
0-1: Ball
1-1: Foul Ball, location: 2F
1-2: Ball
2-2: Fly out, F7 (Flyball, 7LS, EV 94.4 MPH)
Batting: RHB Kalidas Mishra 0-0: Foul Ball, location: 2F
0-1: Ball
1-1: Ball
2-1: Foul Ball, location: 2F
2-2: Ball
3-2: SINGLE (Groundball, 4, EV 96.3 MPH)
Eric McMillian to second
Runner from 2nd tries for 3rd, SAFE, throw by CF made at trailing runner, OUT! 8-6
Batting: RHB Ricardo Ortiz 0-0: Called Strike
0-1: Reached on error, E9 (Flyball, 9LS, EV 80.0 MPH)
Eric McMillian scores
Batting: RHB Brian DeVoe 0-0: Fly out, F8 (Flyball, 8LXD, EV 83.8 MPH)
Top of the 3rd over - 1 run, 1 hit, 1 error, 1 left on base; Calgary 3 - Americus 0
BOTTOM OF THE 3RD
Americus Braves batting - Pitching for Calgary Flames : RHP Alberto Cuevas
Batting: LHB Tamaichi Sasada 0-0: Ball
1-0: Foul Ball, location: 2F
1-1: Foul Ball, location: 2F
1-2: Ball
2-2: Hit by Pitch
Batting: RHB Phil Holman 0-0: Ball
1-0: Ball
2-0: SINGLE (Groundball, 56D, EV 103.1 MPH)
Tamaichi Sasada to second
Batting: RHB Joe Young 0-0: Swinging Strike
0-1: Ball
1-1: Ball
2-1: Ball
3-1: Foul Ball, location: 2F
3-2: Strikes out looking
Batting: RHB Yojiro Hayashi 0-0: Ball
1-0: Fly out, F6 (Flyball, 56D, EV 88.8 MPH)
Batting: LHB Ryan Murdock 0-0: Fly out, F8 (Flyball, 8LD, EV 107.5 MPH)
Bottom of the 3rd over - 0 runs, 1 hit, 0 errors, 2 left on base; Calgary 3 - Americus 0
TOP OF THE 4TH
Calgary Flames batting - Pitching for Americus Braves : RHP Rick Grenfell
Batting: RHB Ed Oake 0-0: Called Strike
0-1: Called Strike
0-2: Foul Ball, location: 2F
0-2: Fly out, F8 (Flyball, 8LD, EV 95.0 MPH)
Batting: RHB Jon Groseclose 0-0: Called Strike
0-1: Ball
1-1: Fly out, F7 (Flyball, 7S, EV 81.9 MPH)
Batting: RHB Dave McBain 0-0: Foul Ball, location: 2F
0-1: Swinging Strike
0-2: Ball
1-2: Ball
2-2: Ground out 6-3 (Groundball, 6, EV 105.0 MPH)
Top of the 4th over - 0 runs, 0 hits, 0 errors, 0 left on base; Calgary 3 - Americus 0
BOTTOM OF THE 4TH
Americus Braves batting - Pitching for Calgary Flames : RHP Alberto Cuevas
Batting: RHB Josh McCormick 0-0: Ball
1-0: Ball
2-0: Ball
3-0: Base on Balls
Batting: RHB Terry Hughes 0-0: Ball
1-0: Ball
2-0: Foul Ball, location: 2F
2-1: Foul Ball, location: 2F
2-2: Strikes out looking
Batting: RHB George Provance 0-0: Called Strike
0-1: Ball
1-1: Ball
2-1: Ball
3-1: Called Strike
3-2: Foul Ball, location: 2F
3-2: Base on Balls
Josh McCormick to second
Batting: LHB Mark Dearth 0-0: Ball
1-0: Ball
2-0: Ball
3-0: Base on Balls
Josh McCormick to third
George Provance to second
Batting: LHB Tamaichi Sasada 0-0: Called Strike
0-1: Swinging Strike
0-2: Ball
1-2: Ball
2-2: Strikes out swinging
Batting: RHB Phil Holman 0-0: Ball
1-0: Called Strike
1-1: Ground out 6-3 (Groundball, 56, EV 103.8 MPH)
Bottom of the 4th over - 0 runs, 0 hits, 0 errors, 3 left on base; Calgary 3 - Americus 0
TOP OF THE 5TH
Calgary Flames batting - Pitching for Americus Braves : RHP Rick Grenfell
Batting: LHB Ramon Vega 0-0: Ball
1-0: Called Strike
1-1: Ground out 1-3 (Groundball, 13S, EV 71.3 MPH)
Batting: RHB Eric McMillian 0-0: Ball
1-0: Foul Ball, location: 2F
1-1: Ball
2-1: Ball
3-1: Base on Balls
Batting: RHB Wally Cangro 0-0: 2-RUN HOME RUN (Line Drive, 89XD, EV 111.3 MPH), Distance : 441 ft
Pitching: RHP Carlos Dominguez
Batting: RHB Kalidas Mishra 0-0: Ball
1-0: SOLO HOME RUN (Flyball, 7D, EV 100.0 MPH), Distance : 395 ft
Batting: RHB Ricardo Ortiz 0-0: Called Strike
0-1: Ball
1-1: Fly out, F9 (Flyball, 9S, EV 86.9 MPH)
Batting: RHB Brian DeVoe 0-0: Fly out, F3 (Popup, 3SF, EV 81.3 MPH)
Top of the 5th over - 3 runs, 2 hits, 0 errors, 0 left on base; Calgary 6 - Americus 0
BOTTOM OF THE 5TH
Americus Braves batting - Pitching for Calgary Flames : RHP Alberto Cuevas
Batting: RHB Joe Young 0-0: Foul Ball, location: 2F
0-1: Foul Ball, location: 2F
0-2: Ground out 1-3 (Groundball, 13S, EV 70.0 MPH)
Batting: RHB Yojiro Hayashi 0-0: Swinging Strike
0-1: Foul Ball, location: 2F
0-2: Ball
1-2: Strikes out swinging
Batting: LHB Ryan Murdock 0-0: Ball
1-0: Foul Ball, location: 2F
1-1: Swinging Strike
1-2: Foul Ball, location: 2F
1-2: Ball
2-2: Foul Ball, location: 2F
2-2: Ball
3-2: Fly out, F7 (Line Drive, 7, EV 93.1 MPH)
Bottom of the 5th over - 0 runs, 0 hits, 0 errors, 0 left on base; Calgary 6 - Americus 0
TOP OF THE 6TH
Calgary Flames batting - Pitching for Americus Braves : RHP Carlos Dominguez
Batting: RHB Ed Oake 0-0: Called Strike
0-1: Foul Ball, location: 2F
0-2: Ball
1-2: Ball
2-2: Ball
3-2: Fly out, F8 (Flyball, 8RM, EV 88.1 MPH)
Batting: RHB Jon Groseclose 0-0: SINGLE (Groundball, 34D, EV 97.5 MPH)
Batting: RHB Dave McBain 0-0: Called Strike
0-1: Swinging Strike
0-2: Ground out 6-3 (Groundball, 6S, EV 65.6 MPH)
Jon Groseclose to second
Batting: LHB Ramon Vega 0-0: Foul Ball, location: 2F
0-1: Foul Ball, location: 2F
0-2: Ball
1-2: Ball
2-2: Ground out 4-3 (Groundball, 4, EV 85.6 MPH)
Top of the 6th over - 0 runs, 1 hit, 0 errors, 1 left on base; Calgary 6 - Americus 0
BOTTOM OF THE 6TH
Americus Braves batting - Pitching for Calgary Flames : RHP Alberto Cuevas
Batting: RHB Josh McCormick 0-0: Called Strike
0-1: Ball
1-1: Ball
2-1: Foul Ball, location: 2F
2-2: Strikes out swinging
Batting: RHB Terry Hughes 0-0: Ball
1-0: SOLO HOME RUN (Flyball, 9D, EV 99.4 MPH), Distance : 390 ft
Batting: RHB George Provance 0-0: SINGLE (Groundball, 6MD, EV 110.0 MPH)
Batting: LHB Mark Dearth 0-0: Ball
1-0: Ball
2-0: Fly out, F8 (Flyball, 78D, EV 80.0 MPH)
Batting: LHB Tamaichi Sasada 0-0: Ball
1-0: Called Strike
1-1: Called Strike
George Provance steals 2nd base (no throw)
1-2: SINGLE (Groundball, 56D, EV 105.0 MPH)
George Provance to third
Runner from 3rd tries for Home, SAFE, throw by LF to home
Batting: RHB Phil Holman 0-0: Called Strike
0-1: Ball
1-1: Reached on error, E3 (Groundball, 3L, EV 80.6 MPH)
Tamaichi Sasada to second
Pitching: LHP Ismael Diaz
Batting: RHB Joe Young 0-0: Ball
1-0: Called Strike
1-1: Ball
2-1: Called Strike
2-2: Strikes out swinging
Bottom of the 6th over - 2 runs, 3 hits, 1 error, 2 left on base; Calgary 6 - Americus 2
TOP OF THE 7TH
Calgary Flames batting - Pitching for Americus Braves : RHP Carlos Dominguez
Pitching: RHP Wami Benthami
Batting: RHB Eric McMillian 0-0: Ball
1-0: SOLO HOME RUN (Flyball, 7LD, EV 95.6 MPH), Distance : 359 ft
Batting: RHB Wally Cangro 0-0: Ball
1-0: Swinging Strike
1-1: Foul Ball, location: 2F
1-2: Strikes out swinging
Batting: RHB Kalidas Mishra 0-0: Foul Ball, location: 2F
0-1: SINGLE (Line Drive, 78S, EV 108.1 MPH)
Batting: RHB Ricardo Ortiz 0-0: Ball
1-0: Ball
2-0: Grounds into double play, 4-6-3 (Groundball, 4, EV 93.8 MPH)
Top of the 7th over - 1 run, 2 hits, 0 errors, 0 left on base; Calgary 7 - Americus 2
BOTTOM OF THE 7TH
Americus Braves batting - Pitching for Calgary Flames : LHP Ismael Diaz
Batting: RHB Yojiro Hayashi 0-0: Called Strike
0-1: Foul Ball, location: 2F
0-2: Strikes out swinging
Batting: LHB Ryan Murdock 0-0: DOUBLE (Line Drive, 78M, EV 104.4 MPH)
Batting: RHB Josh McCormick 0-0: Fly out, F8 (Line Drive, 8LD, EV 95.0 MPH)
Batting: RHB Terry Hughes 0-0: Ball
1-0: Foul Ball, location: 2F
1-1: Foul Ball, location: 2F
1-2: Ball
2-2: Ball
3-2: Foul Ball, location: 2F
3-2: Strikes out swinging
Bottom of the 7th over - 0 runs, 1 hit, 0 errors, 1 left on base; Calgary 7 - Americus 2
TOP OF THE 8TH
Calgary Flames batting - Pitching for Americus Braves : RHP Wami Benthami
Batting: RHB Brian DeVoe 0-0: Ball
1-0: Swinging Strike
1-1: Called Strike
1-2: Strikes out looking
Batting: RHB Ed Oake 0-0: Foul Ball, location: 2F
0-1: Swinging Strike
0-2: Strikes out swinging
Batting: RHB Jon Groseclose 0-0: Ball
1-0: Ball
2-0: Swinging Strike
2-1: Foul Ball, location: 2F
2-2: Strikes out swinging
Top of the 8th over - 0 runs, 0 hits, 0 errors, 0 left on base; Calgary 7 - Americus 2
BOTTOM OF THE 8TH
Americus Braves batting - Pitching for Calgary Flames : LHP Ismael Diaz
Batting: RHB George Provance 0-0: DOUBLE (Line Drive, 5D, EV 100.0 MPH)
Batting: LHB Mark Dearth 0-0: Ball
1-0: Swinging Strike
1-1: Ball
2-1: Ball
3-1: Foul Ball, location: 2F
3-2: Strikes out swinging
Batting: LHB Tamaichi Sasada 0-0: Ball
1-0: Foul Ball, location: 2F
1-1: Swinging Strike
1-2: Hit by Pitch
Batting: RHB Phil Holman 0-0: Called Strike
0-1: Foul Ball, location: 2F
0-2: Ball
1-2: Ball
2-2: Strikes out looking
Batting: RHB Joe Young 0-0: Ball
1-0: Called Strike
1-1: Ball
2-1: Foul Ball, location: 2F
2-2: Strikes out swinging
Bottom of the 8th over - 0 runs, 1 hit, 0 errors, 2 left on base; Calgary 7 - Americus 2
TOP OF THE 9TH
Calgary Flames batting - Pitching for Americus Braves : RHP Wami Benthami
Batting: RHB Dave McBain 0-0: Called Strike
0-1: SINGLE (Line Drive, 8LS, EV 90.6 MPH)
Pitching: RHP Armando Padron
Batting: LHB Ramon Vega 0-0: Ball
1-0: Fly out, F8 (Flyball, 8LD, EV 103.1 MPH)
Batting: RHB Eric McMillian 0-0: Ball
1-0: Ball
2-0: SINGLE (Groundball, 6MD, EV 98.8 MPH)
Dave McBain to second
Batting: RHB Wally Cangro 0-0: Foul Ball, location: 2F
0-1: Foul Ball, location: 2F
0-2: Foul Ball, location: 2F
0-2: Foul Ball, location: 2F
0-2: SINGLE (Line Drive, 7S, EV 93.1 MPH)
Dave McBain to third
Eric McMillian to second
Throwing error, E7
Dave McBain scores
Eric McMillian to third
Wally Cangro to second
Batting: RHB Kalidas Mishra 0-0: Ball
Wild Pitch!
Eric McMillian scores
Wally Cangro to third
1-0: Called Strike
1-1: Ball
2-1: Foul Ball, location: 2F
2-2: Ball
3-2: Base on Balls
Batting: RHB Ricardo Ortiz 0-0: Ball
1-0: Ball
2-0: Ball
Wild Pitch!
Wally Cangro scores
Kalidas Mishra to second
3-0: Called Strike
3-1: DOUBLE (Flyball, 8RD, EV 102.5 MPH)
Kalidas Mishra scores
Pitching: RHP Jessie Mattei
Batting: RHB Brian DeVoe 0-0: Ball
1-0: Foul Ball, location: 2F
1-1: Called Strike
1-2: Ball
2-2: Reached on error, E6 (Groundball, 6, EV 91.3 MPH)
Ricardo Ortiz to third
Batting: RHB Ed Oake 0-0: Foul Ball, location: 2F
0-1: Foul Ball, location: 2F
0-2: Strikes out swinging
Batting: LHB Tony Contreras 0-0: Foul Ball, location: 2F
0-1: Ball
1-1: Foul Ball, location: 2F
1-2: Foul Ball, location: 2F
1-2: Strikes out looking
Top of the 9th over - 4 runs, 4 hits, 2 errors, 2 left on base; Calgary 11 - Americus 2
BOTTOM OF THE 9TH
Americus Braves batting - Pitching for Calgary Flames : LHP Ismael Diaz
Batting: RHB Yojiro Hayashi 0-0: Ball
1-0: Ball
2-0: Called Strike
2-1: Fly out, F8 (Line Drive, 8LD, EV 92.5 MPH)
Batting: LHB Ryan Murdock 0-0: Foul Ball, location: 2F
0-1: Swinging Strike
0-2: Strikes out swinging
Pinch Hitting: LHB Jason Herr 0-0: Fly out, F8 (Line Drive, 8RM, EV 90.6 MPH)
Bottom of the 9th over - 0 runs, 0 hits, 0 errors, 0 left on base; Calgary 11 - Americus 2
Thursday, March 31st , 2022 - OOTP Baseball 22.12 Build 89